 Dungeon Crawl Stone Soup version 0.28-a0-823-gb444dcf96d (webtiles) character file.

Game seed: 2832986539995277527

9 Essalna the Firebug (level 2, 19/19 HPs)
             Began as a Demonspawn Fire Elementalist on Nov 10, 2021.
             Got out of the dungeon alive.
             The game lasted 00:00:58 (916 turns).

Essalna the Firebug (Demonspawn Fire Elementalist)   Turns: 916, Time: 00:00:59

Health: 19/19      AC:  2    Str:  8    XL:     2   Next: 6%
Magic:  5/5        EV: 12    Int: 16    God:
Gold:   0          SH:  0    Dex: 13    Spells: 4/5 levels left

rFire   . . .      SeeInvis .   (no weapon)
rCold   . . .      Faith    .   (no shield)
rNeg    . . .      Spirit   .   a - +0 robe
rPois   .          Reflect  .   (no helmet)
rElec   .          Harm     .   (no cloak)
rCorr   .          Rampage  .   (no gloves)
Will    .....                   (no boots)
Stlth   ++........              (no amulet)
HPRegen 0.06/turn               (no ring)
MPRegen 0.09/turn               (no ring)

@: no status effects
A: weakness stinger 1
a: no special abilities


You escaped.
You visited 1 branch of the dungeon, and saw 1 of its levels.

Inventory:

Armour
 a - a +0 robe (worn)
Scrolls
 b - a scroll of identify {unknown}
Potions
 c - a potion of degeneration {unknown}


   Skills:
 - Level 1.7 Dodging
 - Level 1.7 Stealth
 + Level 2.2 Spellcasting
 + Level 1.4 Conjurations
 + Level 2.9 Fire Magic


You had 4 spell levels left.
You knew the following spells:

 Your Spells              Type           Power      Damage    Failure   Level
a - Foxfire               Conj/Fire      32%        2x1d5     9%          1

Your spell library contained the following spells:

 Spells                   Type           Power      Damage    Failure   Level
 Scorch                   Fire           22%        2d6       10%         2
 Conjure Flame            Conj/Fire      8%         6-21      26%         3
 Inner Flame              Hex/Fire       6%         N/A       32%         3
 Gell's Gravitas          Tloc           1%         N/A       52%         3
 Teleport Other           Tloc           1%         N/A       52%         3
 Flame Wave               Conj/Fire      8%         3d4       63%         4
 Dispersal                Tloc           0%         N/A       100%        6


Dungeon Overview and Level Annotations

Branches:
Dungeon (1/15)

Altars:


Innate Abilities, Weirdness & Mutations

You have a small tail.


Message History

The giant cockroach misses you.
You closely miss the giant cockroach.
The giant cockroach is almost dead.
The giant cockroach closely misses you.
You completely miss the giant cockroach.
The giant cockroach is almost dead.
The giant cockroach misses you. The giant cockroach bites you.
You hit the giant cockroach.
You kill the giant cockroach!
c - a blue potion A bat comes into view.
A bat comes into view.
The bat completely misses you.
You closely miss the bat. The bat closely misses you. The bat hits you.
You conjure some foxfire!
The bat hits you. The bat hits you but does no damage.
The foxfire hits the bat.
The bat is moderately wounded.
You conjure some foxfire!
The foxfire hits the bat.
The bat is moderately wounded.
The bat hits you but does no damage. The bat misses you.
You conjure some foxfire!
The foxfire hits the bat.
You kill the bat!
The bat hits you.
You have reached level 2!
Your demonic ancestry asserts itself...
You grow a small tail.
The foxfire hits the bat.
You kill the bat!
Your foxfire dissipates!
Your foxfire dissipates!
Casting: Foxfire (safe; 9% risk of failure)
Confirm with . or Enter, or press ? or * to list all spells.
You don't know that spell.
There is an open door here.
There is an open door here.
There is an open door here.
There is an open door here.
There is a staircase leading out of the dungeon here.
Are you sure you want to leave the Dungeon?
This will make you lose the game!
You have escaped!

#.#...#...#...#...#
#.#...#..P#...#...#
#.##'###'###'###'##
#.#...............#.#
#.'.......##......#.#
#.#...............#.#
#.##+###'###'###'##.#
#####.# #..≈#P..#..P#.#
......# #...#.@.#P†.#.#
#####.#################.#
#...................######
######.###.#.######..†...#
#.#..>..##...'....^.+
#.#..#####.###......#
###'#..# #.# ########
#......# #.# #......# #.#


There were no monsters in sight!

Vanquished Creatures
  An endoplasm (D:1)
  A giant cockroach (D:1)
  A quokka (D:1)
  3 bats (D:1)
  4 rats (D:1)
10 creatures vanquished.

Vanquished Creatures (others)
  23 foxfires (D:1)
23 creatures vanquished.

Grand Total: 33 creatures vanquished

Notes
Turn   | Place    | Note
-------+----------+-------------------------------------------
     0 | D:1      | Essalna the Demonspawn Fire Elementalist began the quest
                  | for the Orb.
     0 | D:1      | Reached XP level 1. HP: 13/13 MP: 3/3
   840 | D:1      | Gained mutation: You have a small tail. [demonic ancestry]
   840 | D:1      | Reached XP level 2. HP: 15/19 MP: 0/5
   916 | D:$      | Got out of the dungeon alive.

Illustrated notes

Levels and vault maps discovered:
D:1:      dpeg_arrival_prison, layout_basic

Action                   || total
-------------------------++-------
Melee: Unarmed           ||    17
 Cast: Foxfire           ||    15
Armor: Robe              ||     3
Dodge: Dodged            ||    16

Table legend: (Time is in decaauts)
 A = Elapsed time spent in this place.
 B = Non-inter-level travel time spent in this place.
 C = Inter-level travel time spent in this place.
 D = Time resting spent in this place.
 E = Time spent auto-exploring this place.
 F = Levels seen in this place.
 G = Mean time per level.
                   A        B        C        D        E       F      G
               +--------+--------+--------+--------+--------+-----+--------+
         Total |    916 |    844 |     72 |      0 |    764 |   1 |  916.0 |
       Dungeon |    916 |    844 |     72 |      0 |    764 |   1 |  916.0 |
               +--------+--------+--------+--------+--------+-----+--------+

Top non-repeatable levels by time:
     D:1: 916 daAuts
